 Dungeon Crawl Stone Soup version 0.31-a0-232-gb1c03b2570 (webtiles) character file.

Game seed: 4267479649816578004

803 qw the Skirmisher (level 7, -3/59 HPs)
             Began as a Minotaur Hexslinger on July 6, 2023.
             Was a Follower of Okawaru.
             Slain by a vampire mosquito (5 damage)
             ... on level 6 of the Dungeon.
             The game lasted 00:01:46 (4213 turns).

qw the Skirmisher (Minotaur Hexslinger)             Turns: 4213, Time: 00:01:47

Health: -3/59      AC:  5    Str: 13    XL:     7   Next: 59%
Magic:  5/7        EV: 14    Int: 10    God:    Okawaru [*.....]
Gold:   408        SH:  0    Dex: 14    Spells: 7/8 levels left

rFire   + . .        o - +0 longbow
rCold   . . .        (shield currently unavailable)
rNeg    . . .        e - +0 leather armour {rF+}
rPois   .            (helmet restricted)
rElec   .            b - scarf {repulsion}
rCorr   .            (no gloves)
SInv    .            g - +0 pair of boots
Will    .....        m - amulet of regeneration
Stlth   +++          (no ring)
HPRegen 1.09/turn    (no ring)
MPRegen 0.10/turn

%: repel missiles, clarity
@: heroic
A: horns 2, retaliatory headbutt, clarity
a: Renounce Religion, Heroism


You were on level 6 of the Dungeon.
You worshipped Okawaru.
Okawaru was aware of your devotion.
You visited 2 branches of the dungeon, and saw 7 of its levels.

You collected 408 gold pieces.


Innate Abilities, Weirdness & Mutations

You have a pair of horns on your head.
You reflexively headbutt those who attack you in melee.
You possess an exceptional clarity of mind.


   Skills:
 + Level 4.0(9.0) Fighting
 - Level 8.0(13.0) Ranged Weapons
 - Level 2.8(7.8) Armour
 - Level 2.1(7.1) Dodging
 - Level 1.0 Spellcasting
 - Level 2.0 Hexes
 + Level 1.9 Invocations


You had 7 spell levels left.
You knew the following spells:

 Your Spells              Type           Power      Damage    Failure   Level
a - Slow                  Hex            16%        N/A       19%         1

Your spell library contained the following spells:

 Spells                   Type           Power      Damage    Failure   Level
 Inner Flame              Hex/Fire       2%         N/A       63%         3
 Portal Projectile        Hex/Tloc       4%         N/A       63%         3
 Cause Fear               Hex            2%         N/A       88%         4

Inventory:

Hand Weapons
 o - a +0 longbow (weapon)
Armour
 b - a scarf of repulsion (worn)
 e - a +0 leather armour of fire resistance (worn)
 f - a +0 ring mail
 g - a +0 pair of boots (worn)
 i - a +1 robe of willpower
Jewellery
 m - an amulet of regeneration (around neck)
Scrolls
 h - a scroll of enchant armour {unknown}
 k - 4 scrolls of identify
 l - a scroll of teleportation {unknown}
Potions
 a - a potion of haste
 c - a potion of brilliance {unknown}
 d - a potion of curing
 j - 2 potions of mutation
 n - a potion of enlightenment

Dungeon Overview and Level Annotations

Branches:
Dungeon (6/15)             Temple (1/1) D:4

Altars:
Ashenzari
Cheibriados
Fedhas
Hepliaklqana
Kikubaaqudgha
Makhleb
Nemelex Xobeh
Okawaru
Qazlal
Ru
Sif Muna
Trog
Uskayaw
Vehumet
Wu Jian
Xom
Yredelemnul
Zin
The Shining One


Message History

The vampire mosquito draws strength from your injuries!
You shoot an arrow. The arrow hits the vampire mosquito.
The vampire mosquito is severely damaged.
The vampire mosquito bites you but does no damage. x2
The vampire mosquito misses you. You furiously retaliate!
You headbutt the vampire mosquito!
You destroy the vampire mosquito!
Okawaru is honoured by your kill.
You can now gain great but temporary skills.
The vampire mosquito closely misses you.
Your base Ranged Weapons skill increases to level 8!
You shoot an arrow.
The arrow closely misses the vampire mosquito.
The vampire mosquito misses you. You furiously retaliate!
You headbutt the vampire mosquito, but do no damage.
The hound barely misses you. The vampire mosquito misses you.
You furiously retaliate!
You headbutt the vampire mosquito! The hound closely misses you.
You shoot an arrow.
The arrow closely misses the vampire mosquito.
The vampire mosquito bites you but does no damage.
The hound misses you. The vampire mosquito bites you!
The vampire mosquito draws strength from your injuries!
You shoot an arrow.
The arrow closely misses the vampire mosquito.
The vampire mosquito bites you!
The vampire mosquito draws strength from your injuries!
The hound bites you but does no damage. The vampire mosquito bites you!
The vampire mosquito draws strength from your injuries!
The hound closely misses you. You furiously retaliate!
You headbutt the hound, but do no damage.
You shoot an arrow.
The arrow barely misses the vampire mosquito.
The vampire mosquito barely misses you. The hound barely misses you.
The vampire mosquito bites you.
The vampire mosquito draws strength from your injuries!
You shoot an arrow. The arrow hits the vampire mosquito.
The vampire mosquito is moderately damaged.
The vampire mosquito bites you.
You die...

# ############ .# #.
#)....).....
###.##.###)##########
# #.........).......
#.#.#..###.########.
.##.... ##.# .......
#.# .#....h## ##.##
......y@###...#
.....###....>(# .#.
########


You could see a vampire mosquito and a hound.

Vanquished Creatures
  A vampire mosquito (D:6)
  2 ogres
  A kobold brigand (D:6)
  A scorpion (D:4)
  3 iguanas
  4 orc wizards
  4 gnolls (D:4)
  7 adders
  3 ufetubi
  2 worms
  2 dart slugs
  10 orcs
  3 ball pythons
  4 bats
  9 endoplasms
  5 giant cockroaches
  4 hobgoblins
  3 quokkas
  3 frilled lizards
  8 goblins
  10 kobolds
  4 rats
93 creatures vanquished.

Notes
Turn   | Place    | Note
-------+----------+-------------------------------------------
     0 | D:1      | qw the Minotaur Hexslinger began the quest for the Orb.
     0 | D:1      | Reached XP level 1. HP: 16/16 MP: 1/1
     0 | D:1      | 0 ||| qw: Version: 0.3-a-46-gb1f654a
     0 | D:1      | 0 ||| qw: Game counter: 1995
     0 | D:1      | 0 ||| qw: Melee chars always use a shield: true
     0 | D:1      | 0 ||| qw: God list: Okawaru
     0 | D:1      | 0 ||| qw: Allow faded altars: false
     0 | D:1      | 0 ||| qw: Do Orc after clearing Dungeon:15 true
     0 | D:1      | 0 ||| qw: Do second Lair branch before Depths: true
     0 | D:1      | 0 ||| qw: Lair rune preference: random
     0 | D:1      | 0 ||| qw: Goals: Normal
     0 | D:1      | 0 ||| PLANNING D:1-11
   161 | D:1      | Reached skill level 3 in Ranged Weapons
   211 | D:1      | Reached XP level 2. HP: 23/23 MP: 2/2
   879 | D:1      | 879 ||| UPGRADING to +0 leather armour of fire resistance.
   889 | D:1      | 889 ||| DROPPING +0 robe.
   890 | D:1      | 890 ||| UPGRADING to +0 pair of boots.
   895 | D:1      | 895 ||| READING 2 scrolls labelled POLU ZODWEK.
   896 | D:1      | 896 ||| READING scroll labelled DOTRUMMOMM.
   897 | D:1      | 897 ||| DRINKING 2 lumpy pink potions.
   898 | D:1      | 898 ||| DROPPING scroll of blinking.
   899 | D:1      | 899 ||| DROPPING scroll of poison.
  1143 | D:2      | Reached XP level 3. HP: 24/29 MP: 3/3
  1277 | D:2      | Reached skill level 4 in Ranged Weapons
  1278 | D:2      | Found a basalt altar of Yredelemnul.
  1428 | D:2      | 1428 ||| UPGRADING to scarf of repulsion.
  1433 | D:2      | 1433 ||| DROPPING ring of flight.
  1434 | D:2      | 1434 ||| READING scroll labelled ZOMUDI MEGH.
  1435 | D:2      | 1435 ||| READING scroll labelled LIQAOMNIYN.
  1536 | D:2      | 1536 ||| READING 2 scrolls labelled VORU WEB LOUNAO.
  1537 | D:2      | 1537 ||| READING scroll labelled IKIOZEDACI.
  1538 | D:2      | 1538 ||| READING scroll labelled MAAGISOCKI.
  1539 | D:2      | 1539 ||| DROPPING scroll of revelation.
  1557 | D:3      | Found a faded altar of an unknown god.
  1860 | D:3      | Reached XP level 4. HP: 36/36 MP: 4/4
  2253 | D:3      | 2253 ||| UPGRADING to amulet of regeneration.
  2258 | D:3      | 2258 ||| DROPPING +6 ring of intelligence.
  2259 | D:3      | 2259 ||| READING scroll labelled TEPTODUSATEOTS.
  2260 | D:3      | 2260 ||| DRINKING 2 viscous red potions.
  2260 | D:3      | Gained mutation: You possess an exceptional clarity of
                  | mind. [potion of mutation]
  2261 | D:3      | 2261 ||| READING 5 scrolls of identify.
  2261 | D:3      | 2261 ||| IDENTIFYING inky potion
  2262 | D:3      | 2262 ||| READING 4 scrolls of identify.
  2262 | D:3      | 2262 ||| IDENTIFYING blue potion
  2263 | D:3      | 2263 ||| READING 3 scrolls of identify.
  2263 | D:3      | 2263 ||| IDENTIFYING bubbling orange potion
  2264 | D:3      | 2264 ||| READING 2 scrolls of identify.
  2264 | D:3      | 2264 ||| IDENTIFYING yellow potion
  2265 | D:3      | 2265 ||| DROPPING potion of attraction.
  2266 | D:3      | 2266 ||| DROPPING potion of berserk rage.
  2508 | D:4      | Found a staircase to the Ecumenical Temple.
  2509 | D:4      | 2509 ||| PLANNING TEMPLE
  2522 | D:4      | Reached skill level 5 in Ranged Weapons
  2532 | Temple   | Entered the Ecumenical Temple
  2578 | Temple   | 2578 ||| PLANNING OKAWARU WORSHIP
  2641 | Temple   | Became a worshipper of Warmaster Okawaru
  2642 | Temple   | 2642 ||| PLANNING D:1-11
  2816 | D:4      | Reached skill level 3 in Fighting
  2816 | D:4      | Reached XP level 5. HP: 43/45 MP: 5/5
  3162 | D:4      | 3162 ||| READING 3 scrolls of identify.
  3162 | D:4      | 3162 ||| IDENTIFYING purple potion
  3208 | D:5      | Entered Level 5 of the Dungeon
  3217 | D:5      | 3217 ||| STAIRDANCE
  3222 | D:4      | HP: 11/45 [ufetubus (2)]
  3223 | D:4      | 3223 ||| DRINKING potion of heal wounds.
  3225 | D:4      | Reached skill level 6 in Ranged Weapons
  3225 | D:4      | Reached XP level 6. HP: 23/51 MP: 6/6
  3416 | D:5      | Found a hazy altar of Hepliaklqana.
  3422 | D:5      | Found an ornate altar of the Wu Jian Council.
  3856 | D:6      | Reached * piety under Okawaru
  3913 | D:6      | 3913 ||| INVOKING Heroism.
  4016 | D:6      | Reached skill level 1 in Invocations
  4019 | D:6      | Found a sparkling altar of Nemelex Xobeh.
  4023 | D:6      | 4023 ||| INVOKING Heroism.
  4030 | D:6      | Reached skill level 7 in Ranged Weapons
  4030 | D:6      | Reached XP level 7. HP: 54/59 MP: 4/7
  4120 | D:6      | 4120 ||| Stepping ~*~*~tactically~*~*~ (outnumbered).
  4123 | D:6      | 4123 ||| Stepping ~*~*~tactically~*~*~ (outnumbered).
  4138 | D:6      | 4138 ||| INVOKING Heroism.
  4155 | D:6      | 4155 ||| INVOKING Heroism.
  4185 | D:6      | 4185 ||| SWAPPING to +0 longbow.
  4186 | D:6      | 4186 ||| DROPPING +1 sling of freezing.
  4200 | D:6      | Noticed a vampire mosquito
  4200 | D:6      | Noticed a vampire mosquito
  4206 | D:6      | 4206 ||| INVOKING Heroism.
  4208 | D:6      | Killed a vampire mosquito
  4209 | D:6      | Reached skill level 8 in Ranged Weapons
  4211 | D:6      | HP: 13/59 [vampire mosquito (9)]
  4211 | D:6      | HP: 2/59 [vampire mosquito (11)]
  4213 | D:6      | Slain by a vampire mosquito

Levels and vault maps discovered:
D:1:      dpeg_arrival_renting, layout_basic
D:2:      layout_rooms, basic_altar, minmay_misc_feat_roman, grunt_ministairs_1
D:3:      layout_basic, ebering_ecumenical_altar_rust
D:4:      layout_gridville, minmay_temple_entry_grid
D:5:      layout_cave_pools, mainiacjoe_overflow_large_starburst
D:6:      kennysheep_big_flooded_room, layout_loops_ring,
          nemelex_dance_club_becter, minmay_between
Temple:   nicolae_temple_superstar

Skill      XL: |  1  2  3  4  5  6  7 |
---------------+----------------------+-----
Ranged Weapons | 3 4 5 6 7 8 |  8.0
Fighting       | 2 3 4 |  4.0
Armour         | 2 |  2.8
Invocations    | 1 |  1.9
Dodging        | |  2.1
Spellcasting   | |  1.0
Hexes          | |  2.0

Action                     |  1- 3 |  4- 6 |  7- 9 || total
---------------------------+-------+-------+-------++-------
   Fire: Sling             |   138 |   217 |    33 ||   388
         Longbow           |       |       |    12 ||    12
 Invoke: Heroism           |       |     2 |     3 ||     5
    Use: Scroll            |     7 |     6 |       ||    13
         Potion            |     1 |     2 |       ||     3
 Armour: Leather armour    |     8 |    38 |    19 ||    65
         Robe              |     2 |       |       ||     2
  Dodge: Dodged            |    39 |    85 |    31 ||   155
         Repelled          |       |     2 |       ||     2

Table legend:
 A = Non-vault XP
 B = Vault XP
 C = Vault XP percentage of total XP
 D = Non-vault monster count
 E = Vault monster count
 F = Vault count percentage of total count
                 A         B        C        D         E       F
            +---------+---------+-------+---------+---------+-------
      Total |     963 |     185 |  16.1 |      86 |       7 |   7.5
            +---------+---------+-------+---------+---------+-------
        D:1 |      29 |       0 |   0.0 |      17 |       0 |   0.0
        D:2 |      41 |       6 |  12.8 |      15 |       2 |  11.8
        D:3 |      43 |       0 |   0.0 |      16 |       0 |   0.0
        D:4 |     281 |       0 |   0.0 |      17 |       0 |   0.0
        D:5 |     195 |       0 |   0.0 |       5 |       0 |   0.0
        D:6 |     374 |     179 |  32.4 |      16 |       5 |  23.8
            +---------+---------+-------+---------+---------+-------
